Map: World of Sleepers LE

Players

Reality

  • Race: Terran Terran
  • League: Diamond
  • Spawn Location: 7:00

ViBE - Winner!

  • Race: Zerg Zerg
  • League: Diamond
  • Spawn Location: 1:00

VOD

Have the link to the VOD?

Description

Time

  • Played on: Dec. 19, 2019, 8:28 p.m.
  • Length: 11:48
Show
View Real Time Build Order
Export as new Build Order

Reality Terran 

Build Orders: Liberator Opening, Reaper Expand 

Get SALT Encoding   

  12  0:01  SCV  
  13  0:13  SCV  
  14  0:17  Supply Depot  
  14  0:25  SCV  
  15  0:38  SCV  
  15  0:39  Barracks  
  16  0:44  Refinery  
  16  0:50  SCV  
  17  1:02  SCV  
  18  1:15  SCV  
  19  1:27  Reaper  
  19  1:28  Orbital Command  
  20  1:41  Command Center  
  20  1:46  Refinery  
  20  1:54  SCV  
  21  2:01  Supply Depot  
  21  2:07  SCV  
  22  2:14  Factory  
  22  2:18  Barracks Reactor  
  22  2:19  SCV  
  23  2:31  SCV  
  24  2:43  SCV  
  25  2:55  Orbital Command, SCV  
  26  3:02  Starport  
  26  3:08  Hellion x2, SCV  
  26  3:09  Marine  
  32  3:20  SCV  
  32  3:23  Liberator, SCV  
  34  3:30  Hellion x2  
  34  3:32  SCV  
  39  3:35  Supply Depot, SCV  
  43  3:41  Barracks Tech Lab  
  43  3:44  SCV  
  43  3:48  SCV  
  45  3:56  SCV  
  45  4:00  SCV  
  47  4:06  Marine  
  47  4:07  Refinery, Marine  
  47  4:08  SCV  
  50  4:12  Supply Depot, SCV  
  50  4:15  Siege Tank  
  54  4:22  Supply Depot  
  54  4:25  Barracks, Starport Reactor  
  54  4:26  Barracks  
  54  4:34  Marine x2, SCV x2  
  54  4:37  Refinery  
  58  4:41  Supply Depot  
  58  4:46  SCV x2  
  58  4:47  Siege Tank  
  58  4:52  Marine x2  
  65  4:58  SCV x2  
  64  5:02  Medivac  
  64  5:03  Medivac  
  62  5:09  Marine  
  62  5:10  SCV  
  62  5:11  Command Center  
  62  5:12  SCV  
  65  5:16  Barracks Reactor x2  
  65  5:17  Barracks Tech Lab  
  65  5:21  Supply Depot  
  65  5:22  SCV  
  65  5:24  SCV  
  67  5:30  Engineering Bay  
  67  5:31  Engineering Bay  
  67  5:34  SCV  
  68  5:36  SCV  
  68  5:41  Siege Tank  
  68  5:42  Medivac  
  74  5:44  Marine x3  
  74  5:47  Stimpack  
  77  5:51  Medivac  
  77  5:53  SCV  
  80  6:01  Marine, SCV  
  82  6:05  Marine x4  
  82  6:09  Terran Infantry Weapons Level 1  
  86  6:12  Liberator, Terran Infantry Armor Level 1  
  86  6:15  Liberator  
  86  6:19  Supply Depot, Siege Tank, Marine  
  86  6:22  Marine  
  86  6:23  Orbital Command  
  86  6:24  Supply Depot  
  91  6:26  Supply Depot  
  97  6:33  SCV  
  97  6:35  SCV  
  97  6:36  Marine  
  97  6:38  Marine  
  101  6:44  Orbital Command  
  101  6:46  SCV  
  102  6:50  SCV  
  103  6:56  Siege Tank, Marine  
  103  6:57  Marine x4  
  103  6:58  SCV  
  112  7:02  Armory  
  112  7:06  Supply Depot  
  112  7:10  SCV x2  
  112  7:14  Refinery, Marine  
  112  7:15  Marine  
  115  7:16  Refinery  
  116  7:23  Barracks  
  116  7:26  Combat Shield  
  116  7:27  Barracks  
  116  7:30  SCV x2  
  116  7:32  Marine x3  
  116  7:33  Liberator x2  
  121  7:42  SCV x2  
  129  7:51  Marine  
  129  7:52  Marine x4  
  129  7:57  SCV  
  135  8:04  Terran Vehicle Weapons Level 1, Terran Infantry Weapons Level 2  
  135  8:06  Terran Infantry Armor Level 2  
  135  8:09  Marine x2  
  135  8:10  Marine  
  135  8:11  SCV x2  
  140  8:14  Marine  
  140  8:17  Supply Depot  
  141  8:37  Supply Depot x2, Marine x2  
  141  8:38  Supply Depot, Marine x4  
  135  8:44  Marine  
  102  8:55  Marine, SCV x2  
  92  8:56  Marine x4  
  92  9:01  Marine  
  99  9:03  Supply Depot  
  99  9:06  SCV  
  99  9:08  Supply Depot x2  
  100  9:12  Barracks Reactor  
  100  9:14  Marine x2  
  102  9:18  Barracks Reactor  
  102  9:21  Marine  
  102  9:25  Medivac  
  102  9:26  Medivac  
  102  9:29  Command Center  
  102  9:30  Fusion Core  
  106  9:31  Starport  
  106  9:32  Siege Tank  
  106  9:36  Factory  
  109  9:41  Supply Depot  
  109  9:43  Marine  
  109  9:44  Marine x4  
  114  9:52  Liberator  
  113  9:55  Marine x2  
  113  9:56  Marine x2  
  117  10:01  Marine  
  117  10:02  Marine x4  
  117  10:04  Supply Depot  
  117  10:05  Missile Turret  
  122  10:07  Missile Turret  
  122  10:08  Medivac  
  122  10:10  Starport Reactor  
  122  10:13  Marine x3  
  122  10:14  Marine, Siege Tank  
  131  10:19  Marine x3  
  137  10:21  Factory Tech Lab  
  137  10:26  Command Center  
  137  10:31  Marauder  
  101  10:44  Marine x2  
  101  10:49  Siege Tank, Marine x2  
  88  10:54  Marine  
  88  10:55  Marine x4  
  81  11:02  Marine x2  
  62  11:07  Marine x2  
Show
View Real Time Build Order
Export as new Build Order

ViBE Zerg - Winner!

Build Orders: Hatch First 

Get SALT Encoding   

  12  0:01  Drone  
  13  0:15  Overlord  
  13  0:17  Drone  
  14  0:34  Drone x2  
  16  0:46  Drone  
  17  0:55  Hatchery  
  16  1:00  Drone  
  16  1:03  Drone  
  18  1:17  Spawning Pool  
  17  1:19  Drone  
  17  1:21  Drone  
  19  1:26  Extractor  
  18  1:36  Drone  
  19  1:52  Drone  
  20  1:58  Overlord  
  20  2:06  Queen x2  
  24  2:14  Overlord  
  24  2:20  Zergling x4  
  26  2:25  Drone x2  
  28  2:30  Extractor  
  28  2:33  Metabolic Boost  
  28  2:35  Drone x2  
  29  2:41  Spore Crawler  
  28  2:51  Drone x3  
  33  3:02  Hatchery  
  33  3:03  Drone  
  33  3:05  Overlord  
  33  3:10  Drone  
  34  3:15  Drone  
  35  3:20  Drone  
  35  3:21  Drone x3  
  35  3:26  Overlord  
  39  3:27  Queen  
  41  3:34  Zergling x8  
  45  3:45  Zergling x2  
  45  3:46  Zergling x2  
  47  3:53  Drone x6  
  53  4:00  Overlord  
  53  4:03  Queen  
  55  4:13  Overlord  
  55  4:18  Queen  
  55  4:19  Overlord  
  55  4:20  Overlord  
  57  4:26  Drone x2  
  57  4:27  Drone x7  
  66  4:33  Extractor  
  66  4:34  Lair, Extractor  
  64  4:47  Drone x3  
  64  4:48  Drone x2  
  64  4:50  Drone, Baneling Nest  
  69  4:53  Drone x2  
  69  4:59  Drone x6  
  75  5:07  Drone  
  75  5:08  Drone  
  77  5:25  Drone  
  77  5:26  Drone x4  
  82  5:29  Overlord x2  
  82  5:41  Hatchery  
  81  5:44  Extractor  
  81  5:45  Centrifical Hooks  
  80  5:50  Overlord  
  80  5:51  Overlord x5  
  80  5:57  Extractor x2  
  79  6:00  Drone, Spore Crawler  
  79  6:01  Drone, Spore Crawler  
  78  6:05  Drone x2, Spore Crawler  
  78  6:06  Hatchery, Overlord x2  
  78  6:07  Zergling x4  
  78  6:08  Baneling x13  
  80  6:24  Overseer  
  80  6:33  Drone  
  80  6:36  Zergling x18  
  90  6:40  Hydralisk Den  
  90  6:42  Drone x3  
  90  6:43  Evolution Chamber  
  90  6:45  Evolution Chamber  
  90  6:47  Drone  
  90  6:48  Drone x2  
  93  7:09  Drone x2  
  93  7:10  Overlord x2  
  93  7:13  Drone x11  
  93  7:14  Drone x2  
  108  7:16  Grooved Spines  
  108  7:17  Zerg Melee Weapons Level 1, Zerg Ground Armor Level 1  
  108  7:25  Infestation Pit  
  107  7:33  Overlord x2  
  107  7:36  Drone x7, Hatchery  
  107  7:37  Drone x4  
  117  7:41  Spore Crawler  
  117  7:42  Extractor  
  115  7:53  Hydralisk x3  
  115  7:54  Hydralisk x7  
  135  8:05  Hydralisk x7  
  135  8:07  Zergling x2  
  135  8:09  Spore Crawler  
  149  8:21  Zergling x2  
  149  8:22  Zergling x14  
  157  8:27  Muscular Augments  
  157  8:28  Baneling  
  157  8:29  Baneling x20  
  157  8:30  Zergling x2  
  157  8:31  Zergling x6  
  159  8:41  Zergling x10  
  117  8:50  Queen  
  118  8:55  Drone  
  118  8:56  Drone x2  
  118  8:57  Drone x5  
  118  9:00  Hive, Queen  
  128  9:04  Queen  
  129  9:20  Hydralisk x7  
  129  9:22  Extractor  
  129  9:24  Drone x3  
  143  9:25  Zergling x20  
  143  9:27  Zerg Ground Armor Level 2  
  143  9:28  Zerg Melee Weapons Level 2  
  155  9:32  Lurker Den, Zergling x6  
  157  9:44  Baneling x6  
  157  9:45  Baneling x5  
  157  9:55  Zergling x30  
  157  9:56  Zergling x6  
  175  10:00  Spire  
  175  10:06  Zergling x10  
  179  10:22  Zergling x30  
  179  10:36  Zergling x24  
  169  10:50  Ultralisk Cavern  
  169  10:52  Adaptive Talons  
  169  10:55  Zergling x30  
Tags
 
Add a new tag
Caveats
  • Supply blocks, unpowered buildings, or Contaminate may cause inaccurate times.
  • Supply counts are checked every 10 seconds.